 Dungeon Crawl Stone Soup version bcrawl-1.34.4 (webtiles) character file.

Game seed: 7998620303503335128

482671 Baz the Basher (level 12, -1/135 HPs)
             Began as an Ent Skald on Oct 22, 2021.
             Was an Initiate of Gozag.
             Slain by a large slime creature (13 damage)
             ... summoned by an orc warrior
             ... on level 10 of the Dungeon.
             The game lasted 00:23:23 (9458 turns).

Baz the Basher (Ent Skald)                          Turns: 9458, Time: 00:23:24

Health: -1/135     AC: 26    Str: 21    XL:     12   Next: 4%
Magic:  15/15      EV:  9    Int: 17    God:    Gozag
Gold:   851        SH: 11    Dex:  9    Spells: 10/15 levels left

rFire    . . .     SeeInvis .   a - +0 flail
rCold    . . .     Gourm    .   t - +0 medium shield
rNeg     + + +     Faith    .   (armour unavailable)
rPois    +         Spirit   .   q - +1 hat
rElec    .         Reflect  .   z - +0 cloak
rCorr    +         Harm     .   (gloves unavailable)
MR       +....                  (boots unavailable)
Stlth    +.........             x - amulet of regeneration
HPRegen  0.77/turn              g - ring of resist corrosion
MPRegen  0.14/turn              n - +5 ring of protection

@: very slow
A: large, slow actions, passwall, strong branches, negative energy resistance 3,
poison resistance, slow metabolism 1, torment resistance, unbreathing, AC +19
a: Passwall, Potion Petition, Call Merchant, Bribe Branch, Renounce Religion


You were on level 10 of the Dungeon.
You worshipped Gozag.
Gozag was pleased with you.
You were hungry.

You visited 1 branch of the dungeon, and saw 10 of its levels.
You also visited: Ossuary.

You collected 2801 gold pieces.
You spent 590 gold pieces at shops.
You paid 1360 gold pieces to Gozag.

Inventory:

Hand Weapons
 a - a +0 flail (weapon)
 p - the +3 Elemental Staff {rElec rF++ rC++ MR++ AC+5}
   (You found it on level 4 of the Dungeon)

   It affects your AC (+5).
   It greatly protects you from fire.
   It greatly protects you from cold.
   It insulates you from electricity.
   It affects your resistance to hostile enchantments.
 v - a +0 giant club
 w - a +0 giant spiked club
Missiles
 d - a throwing net {=f}
Armour
 q - a +1 hat (worn)
 t - a +0 medium shield (worn)
 z - a +0 cloak (worn)
Jewellery
 g - a ring of resist corrosion (left hand)
 l - a +4 ring of protection
 n - a +5 ring of protection (right hand)
 x - an amulet of regeneration (around neck)
 O - an uncursed ring of protection from magic {unknown}
Wands
 h - a wand of paralysis (2)
 I - a wand of acid (9)
 J - a wand of disintegration (12)
 N - a wand of flame (25)
Scrolls
 c - 3 scrolls of fear
 f - 5 scrolls of remove curse
 i - 3 scrolls of identify
 j - 2 scrolls of magic mapping
 o - 3 scrolls of teleportation
 r - 2 scrolls of fog {unknown}
 y - a scroll of enchant weapon {unknown}
 A - a scroll of immolation {unknown}
 B - a scroll of acquirement {unknown}
 C - a scroll of blinking {unknown}
 E - 3 scrolls of enchant armour {unknown}
 M - a scroll of amnesia {unknown}
 P - a scroll of brand weapon {unknown}
Potions
 b - 2 potions of curing
 k - 2 potions of resistance
 m - 3 potions of mutation
 s - 2 potions of haste
 u - a potion of degeneration
 D - a potion of cancellation {unknown}
 F - a potion of brilliance {unknown}
 G - a potion of might {unknown}
 H - a potion of agility {unknown}
 K - a potion of magic {unknown}
Miscellaneous
 L - a lamp of fire (inert)
Comestibles
 e - 5 rations {!d}


   Skills:
 + Level 10.1 Fighting
 + Level 11.0 Maces & Flails
 - Level 4.2 Dodging
 * Level 9.6 Shields
 - Level 2.4 Spellcasting
 + Level 9.6 Charms


You had 10 spell levels left.
You knew the following spells:

 Your Spells              Type           Power        Failure   Level  Hunger
a - Infusion              Chrm           ####....     1%          1    None
b - Song of Slaying       Chrm           ####....     1%          2    ##.....
c - Swiftness             Chrm/Air       ###.....     11%         2    ##.....

Your spell library contained the following spells:

 Spells                   Type           Power        Failure   Level  Hunger
 Ozocubu's Armour         Chrm/Ice       ###.....     22%         3    ####...
 Regeneration             Chrm/Necr      ###.......   22%         3    ####...
 Spectral Weapon          Hex/Chrm       ###.....     22%         3    ####...
 Apportation              Tloc           #.....       45%         1    None
 Sandblast                Erth           #.....       45%         1    None
 Slow                     Hex            #.......     45%         1    None
 Sting                    Conj/Pois      #...         45%         1    None
 Summon Butterflies       Summ           #.......     45%         1    None
 Poisonous Vapours        Pois/Air       #.....       61%         2    ##.....
 Ignite Poison            Fire/Tmut/Pois #.......     83%         3    ####...
 Olgreb's Toxic Radiance  Pois           #........    99%         4    ######.
 Summon Scorpions         Summ/Pois      #.......     99%         4    ######.
 Venom Bolt               Conj/Pois      #.........   100%        5    #######


Dungeon Overview and Level Annotations

Branches:
Dungeon (10/12)            Temple (0/1) D:4            Lair (0/6) D:9
    Orc (0/1) D:8

Altars:
Ashenzari
Gozag
Nemelex Xobeh
Qazlal
Sif Muna
Zin
The Shining One

Shops:
D:5 }   D:7 (   D:8 }   D:9 %   D:10 }

Annotations:
D:5 3 runed translucent doors, exe1's ghost, novice EnBe
D:9 1 runed translucent door, christianvn's ghost, novice MiFi


Innate Abilities, Weirdness & Mutations

You move and act slowly.
You can pass through walls and trees.
Your branches can wield two-handed weapons with a shield.
Your thick bark is tough. (AC +19)
You are too large for most types of armour.
You are immune to negative energy. (rN+++)
Your system is resistant to poisons. (rPois)
You have a slow metabolism.
You are immune to unholy pain and torment.
You can survive without breathing.


Message History

Two slime creatures merge to form a large slime creature.
The kobold shouts!
No path to travel!
You barely miss the big kobold.
The big kobold is lightly wounded.
The shadow imp hits you but does no damage.
You block the slime creature's attack.
The very large slime creature hits you!!
* * * LOW HITPOINT WARNING * * *
The big kobold barely misses you.
You closely miss the big kobold.
The big kobold is lightly wounded.
The orc warrior hits you from afar with a +0 glaive.
* * * LOW HITPOINT WARNING * * *
You block the shadow imp's attack. The slime creature hits you!
* * * LOW HITPOINT WARNING * * *
The very large slime creature barely misses you.
The big kobold barely misses you. The large slime creature hits you!
You die...
Your body crumbles into a pile of gold.

#%... #.... #...
#.D...#.....#...
#..#..#..#..#..#
#..#..#..#..#..#
#..#.....#.....# #..
.....#...l.#
#..##################
#!KJ@J...............
#.KJ5K...............
#Ko##################
#KK#H... #Z....#.....
#K.#.....#.....#.....
#..#..#..#..#..#..###
#.)#..#..#..#..#..#$
#.....#.....#.....#


You could see a very large slime creature, a large slime creature, a slime
creature, a hippogriff, an orc warrior, 2 big kobolds, a shadow imp and 5
kobolds.

Vanquished Creatures
  A hydra (D:10)
  4 two-headed ogres
  2 ugly things
  A deep elf mage (D:8)
  3 trolls
  A meliai (D:10)
  Grinder (D:6)
  A hornet (D:10)
  A raiju (shapeshifter) (D:10)
  4 hippogriffs
  A centaur simulacrum (D:10)
  A shadow (D:10)
  2 wraiths (D:10)
  8 yaks
  4 hogs (D:8)
  2 basilisks (D:9)
  A human (D:8)
  4 wargs (D:8)
  2 crocodiles (D:9)
  3 water moccasins
  3 porcupines (D:9)
  2 ice beasts
  3 orc warriors
  A black bear (D:7)
  A necrophage (D:8)
  9 ogres
  A hornet zombie (D:10)
  4 sky beasts
  3 centaurs
  6 bullfrogs
  2 big kobolds
  2 scorpions
  10 killer bees
  2 howler monkeys
  2 orc priests
  8 crimson imps
  2 centaur skeletons
  2 centaur zombies
  7 hounds
  4 jellies
  6 orc wizards
  2 iguanas
  8 worker ants
  3 big kobold zombies (Ossuary)
  A hound zombie (D:10)
  2 mummies (Ossuary)
  A worker ant zombie (D:6)
  10 gnolls
  12 adders
  2 shadow imps
  3 oozes
  7 adder zombies
  An adder skeleton (D:6)
  4 worms
  2 dart slugs (D:2)
  6 leopard geckos
  34 orcs
  4 giant cockroaches
  A gnoll zombie (Ossuary)
  6 goblins
  9 hobgoblins
  14 jackals
  26 kobolds
  3 quokkas
  4 ball pythons
  8 bats
  3 frilled lizards
  5 hobgoblin zombies (Ossuary)
  3 kobold zombies (Ossuary)
  7 orc zombies (Ossuary)
  A quokka skeleton (D:4)
  7 rats
326 creatures vanquished.

Vanquished Creatures (others)
  A fungus (D:9)
  15 plants (D:9)
  2 withered plants (D:9)
18 creatures vanquished.

Grand Total: 344 creatures vanquished

Notes
Turn   | Place    | Note
-------+----------+-------------------------------------------
     0 | D:1      | Baz the Ent Skald began the quest for the Orb.
     0 | D:1      | Reached XP level 1. HP: 22/22 MP: 3/3
   241 | D:1      | Reached XP level 2. HP: 32/32 MP: 5/5
   794 | D:1      | Reached skill level 3 in Maces & Flails
   854 | D:1      | Reached XP level 3. HP: 31/39 MP: 6/6
  1588 | D:2      | Reached XP level 4. HP: 44/49 MP: 7/7
  2018 | D:3      | Reached XP level 5. HP: 57/57 MP: 8/8
  2095 | D:3      | Found an opulent altar of Gozag.
  2189 | D:3      | Reached skill level 4 in Maces & Flails
  2231 | D:3      | Became a worshipper of Gozag Ym Sagoz the Greedy
  2460 | D:3      | Reached XP level 6. HP: 64/67 MP: 9/9
  2907 | D:4      | Found a staircase to the Ecumenical Temple.
  3022 | D:4      | Found the +3 Elemental Staff {rElec rF++ rC++ MR++ AC+5}
  3145 | D:4      | Learned a level 2 spell: Song of Slaying
  3148 | D:4      | Learned a level 2 spell: Swiftness
  3395 | D:4      | Reached skill level 5 in Maces & Flails
  3395 | D:4      | Reached XP level 7. HP: 69/77 MP: 10/10
  3824 | D:5      | Entered Level 5 of the Dungeon
  3825 | D:5      | Found a shattered altar of Ashenzari.
  3879 | D:5      | Found Julimeul's Gadget Shoppe.
  3903 | D:5      | Reached skill level 5 in Charms
  4006 | D:5      | Noticed a two-headed ogre
  4026 | D:5      | Killed a two-headed ogre
  4027 | D:5      | Reached skill level 5 in Fighting
  4027 | D:5      | Reached skill level 6 in Maces & Flails
  4027 | D:5      | Reached XP level 8. HP: 29/89 MP: 8/11
  4163 | D:5      | Found a stormy altar of Qazlal.
  4387 | D:5      | Found a runed translucent gate.
  4388 | D:5      | Found a runed translucent gate.
  4388 | D:5      | Noticed exe1's ghost (novice EnBe)
  4389 | D:5      | Found a runed translucent gate.
  4389 | D:5      | Identified the +6 dagger "Silemm" {chaos, rF+}
  5077 | D:6      | Noticed a white ugly thing
  5092 | D:6      | Killed a white ugly thing
  5093 | D:6      | Reached skill level 7 in Maces & Flails
  5093 | D:6      | Reached XP level 9. HP: 62/99 MP: 12/12
  5260 | D:6      | Noticed Grinder
  5273 | D:6      | Killed Grinder
  5294 | D:6      | Found a glowing golden altar of the Shining One.
  5340 | D:7      | Found Kenef's Weapon Boutique.
  5340 | D:7      | Found a glowing silver altar of Zin.
  5380 | D:7      | Noticed a two-headed ogre
  5386 | D:7      | Killed a two-headed ogre
  5387 | D:7      | Reached skill level 5 in Shields
  5407 | D:7      | Found a shattered altar of Ashenzari.
  5416 | D:7      | Reached skill level 8 in Maces & Flails
  5554 | D:7      | Noticed a troll
  5586 | D:7      | Killed a troll
  5603 | D:7      | Reached XP level 10. HP: 18/110 MP: 13/13
  5808 | D:7      | Found a shimmering blue altar of Sif Muna.
  6160 | D:8      | Found a sand-covered staircase.
  6167 | Ossuary  | Entered an ossuary
  6601 | D:8      | Reached skill level 9 in Maces & Flails
  6762 | D:8      | Found a staircase to the Orcish Mines.
  6786 | D:8      | Noticed a two-headed ogre
  6818 | D:8      | Killed a two-headed ogre
  6897 | D:8      | Noticed a deep elf mage
  6901 | D:8      | Noticed a mana viper
  6906 | D:8      | Killed a deep elf mage
  6989 | D:8      | Reached XP level 11. HP: 110/121 MP: 14/14
  7350 | D:8      | Found Rufasyre's Gadget Shoppe.
  7353 | D:8      | Bought a lamp of fire for 480 gold pieces
  7393 | D:9      | Noticed a red ugly thing
  7429 | D:9      | Killed a red ugly thing
  7533 | D:9      | Reached skill level 10 in Maces & Flails
  8062 | D:9      | Found a runed translucent door.
  8063 | D:9      | Noticed christianvn's ghost (novice MiFi)
  8097 | D:9      | Found a sparkling altar of Nemelex Xobeh.
  8166 | D:9      | Noticed a two-headed ogre
  8180 | D:9      | Killed a two-headed ogre
  8352 | D:9      | Bought a ration for 55 gold pieces
  8352 | D:9      | Bought a ration for 55 gold pieces
  8382 | D:9      | Found a staircase to the Lair.
  8586 | D:10     | Entered Level 10 of the Dungeon
  8787 | D:10     | Found Upexaguh's Gadget Emporium.
  9063 | D:10     | Reached skill level 10 in Fighting
  9410 | D:10     | Noticed a two-headed ogre
  9422 | D:10     | Noticed a seven-headed hydra
  9432 | D:10     | Killed a seven-headed hydra
  9433 | D:10     | Reached skill level 11 in Maces & Flails
  9433 | D:10     | Reached XP level 12. HP: 92/135 MP: 15/15
  9458 | D:10     | Slain by a large slime creature

Skill      XL: |  1  2  3  4  5  6  7  8  9 10 11 |
---------------+----------------------------------+-----
Maces & Flails | 3 4 5 6 7 8 9 11 | 11.0
Fighting       | 3 4 5 6 7 8 10 | 10.1
Dodging        | 3 4 |  4.2
Charms         | 4 5 6 7 8 9 |  9.6
Shields        | 2 4 6 7 9 |  9.6
Spellcasting   | |  2.4

Action                   |  1- 3 |  4- 6 |  7- 9 | 10-12 || total
-------------------------+-------+-------+-------+-------++-------
Melee: Flail             |   127 |   323 |   457 |  1135 ||  2042
 Cast: Infusion          |       |       |     1 |       ||     1
       Song of Slaying   |       |       |     2 |     4 ||     6
Invok: Potion Petition   |       |       |     3 |       ||     3
       Call Merchant     |       |       |       |     1 ||     1
 Abil: Passwall          |       |     1 |       |     1 ||     2
Evoke: Wand              |       |       |     6 |     6 ||    12
       Lamp of fire      |       |       |       |     1 ||     1
  Use: Potion            |       |     3 |       |     1 ||     4
       Scroll            |       |       |     6 |       ||     6
 Stab: Sleeping          |       |     1 |       |       ||     1
       Paralysed         |       |       |    11 |       ||    11
       Distracted        |       |       |     1 |     5 ||     6
  Eat: Chunk             |     6 |     8 |       |       ||    14
       Ration            |       |     2 |     5 |    11 ||    18
Armor: Skin              |   110 |   288 |   399 |  1099 ||  1896
Dodge: Dodged            |   122 |   277 |   285 |   639 ||  1323
Block: Medium shield     |       |       |   284 |   923 ||  1207
